 Dungeon Crawl Stone Soup version 0.29-a0-268-g5627465c62 (webtiles) character file.

Game seed: 16074734081729432812

100711 Colgate the Sharpshooter (level 15, -6/88 HPs)
             Began as a Spriggan Enchanter on Mar 7, 2022.
             Was a High Priest of Qazlal.
             Mangled by a skeletal warrior
             ... wielding a +0 trident
             ... led by a skeletal warrior
              (10 damage)
             ... on level 15 of the Dungeon on Mar 8, 2022.
             The game lasted 03:18:12 (44652 turns).

Colgate the Sharpshooter (Spriggan Enchanter)      Turns: 44652, Time: 03:18:12

Health: -6/88      AC: 17    Str:  8    XL:     15   Next: 81%
Magic:  25/25      EV: 22    Int: 33    God:    Qazlal [*****.]
Gold:   175        SH:  7    Dex: 21    Spells: 2/26 levels left

rFire   . . .      SeeInvis +   b - +1 arbalest (elec)
rCold   . . .      Faith    +   (shield currently unavailable)
rNeg    . . .      Spirit   .   X - +4 robe of Augmentation {Str+4 Int+4 Dex+4}
rPois   .          Reflect  .   d - +1 hat
rElec   .          Harm     .   D - +2 cloak
rCorr   .          Rampage  .   (gloves unavailable)
Will    ++...                   (boots unavailable)
Stlth   +.........              A - amulet of faith
HPRegen 0.24/turn               M - +6 ring of intelligence
MPRegen 0.19/turn               H - +4 ring of protection

@: protected from physical damage, repel missiles, very quick
A: very small, no large weapons, unfitting armour, see invisible, speed 3
a: Renounce Religion, Upheaval, Elemental Force, Disaster Area


You were on level 15 of the Dungeon.
You worshipped Qazlal.
Qazlal was extremely pleased with you.
You visited 3 branches of the dungeon, and saw 23 of its levels.
You also visited: Bailey and Ice Cave.

You collected 3044 gold pieces.
You spent 2869 gold pieces at shops.

Inventory:

Hand Weapons
 a - a +2 dagger of draining
 b - a +1 arbalest of electrocution (weapon)
 L - the +4 short sword of the Ageless Ultimatums {freeze, Int+4}
   (You found it on level 13 of the Dungeon)

   It freezes those it strikes, dealing additional cold damage.
   It can also slow down cold-blooded creatures.
   Int:       It affects your intelligence (+4).
Missiles
 i - 5 throwing nets {!f}
 r - 36 poisoned darts
Armour
 d - a +1 hat (worn)
 D - a +2 cloak (worn)
 X - the +4 robe of Augmentation (worn) {Str+4 Int+4 Dex+4}
   (You found it on level 12 of the Dungeon)

   Str:       It affects your strength (+4).
   Int:       It affects your intelligence (+4).
   Dex:       It affects your dexterity (+4).
Magical Staves
 v - a staff of cold
Jewellery
 e - a ring of poison resistance
 q - a ring of protection from fire
 z - a ring of willpower
 A - an amulet of faith (around neck)
 H - a +4 ring of protection (right hand)
 K - a +4 ring of protection
 M - a +6 ring of intelligence (left hand)
 T - a ring of resist corrosion
 W - a ring of protection from fire
Wands
 o - a wand of polymorph (4)
 C - a wand of iceblast (25) {@v2}
 F - a wand of digging (3) {@v3}
 O - a wand of mindburst (26)
 Q - a wand of charming (4)
 S - a wand of flame (4)
Scrolls
 g - 2 scrolls of identify {@r1}
 k - 2 scrolls of blinking {@r4}
 l - 3 scrolls of fear
 m - a scroll of silence
 n - 8 scrolls of teleportation {@r3}
 p - 2 scrolls of vulnerability
 u - a scroll of holy word
 w - 3 scrolls of magic mapping {@r5}
 y - a scroll of brand weapon
 I - a scroll of amnesia
 J - 3 scrolls of fog
Potions
 f - 2 potions of mutation
 h - a potion of flight
 j - 3 potions of resistance {@q5}
 s - a potion of brilliance
 x - a potion of cancellation
 B - a potion of degeneration
 E - 4 potions of attraction
 G - 11 potions of curing {@q1}
 N - a potion of haste {@q4}
 P - 2 potions of berserk rage
 R - 3 potions of heal wounds {@q2}
 U - 5 potions of lignification
 V - 3 potions of magic
 Y - 4 potions of might {@q3}
Miscellaneous
 c - a phantom mirror


   Skills:
 + Level 14.7 Fighting
 - Level 1.1 Short Blades
 - Level 16.0 Crossbows
 - Level 7.0 Dodging
 - Level 6.0 Stealth
 - Level 6.2 Spellcasting
 - Level 10.1 Hexes
 - Level 4.7 Translocations
 - Level 2.0 Ice Magic
 - Level 11.0 Invocations
 - Level 7.0 Evocations


You had 2 spell levels left.
You knew the following spells:

 Your Spells              Type           Power      Damage    Failure   Level
a - Ensorcelled Hibernat  Hex/Ice        100%       N/A       1%          2
b - Tukima's Dance        Hex            67%        N/A       1%          3
c - Silence               Hex/Air        21%        N/A       14%         5
d - Dazzling Flash        Conj/Hex       86%        N/A       1%          3
e - Blink                 Tloc           82%        N/A       1%          2
f - Portal Projectile     Hex/Tloc       100%       N/A       1%          3
g - Wereblood             Tmut           10%        N/A       6%          2
h - Passage of Golubria   Tloc           41%        N/A       6%          4

Your spell library contained the following spells:

 Spells                   Type           Power      Damage    Failure   Level
 Beastly Appendage        Tmut           20%        N/A       4%          1
 Sublimation of Blood     Necr           10%        N/A       6%          2
 Confusing Touch          Hex            67%        N/A       1%          3
 Lesser Beckoning         Tloc           41%        N/A       1%          3
 Ozocubu's Armour         Ice            23%        N/A       5%          3
 Spider Form              Tmut/Pois      10%        N/A       13%         3
 Manifold Assault         Tloc           41%        N/A       17%         5
 Animate Dead             Necr           5%         N/A       38%         4
 Agony                    Necr           10%        N/A       75%         5
 Blade Hands              Tmut           5%         N/A       75%         5
 Borgnjor's Vile Clutch   Necr/Erth      5%         N/A       75%         5
 Excruciating Wounds      Necr           5%         N/A       75%         5
 Death Channel            Necr           5%         N/A       100%        6
 Ozocubu's Refrigeration  Ice            11%        4d7       100%        7
 Storm Form               Tmut/Air       5%         N/A       100%        7
 Summon Hydra             Summ           5%         N/A       100%        7
 Lehudib's Crystal Spear  Conj/Erth      5%         10d3      100%        8


Dungeon Overview and Level Annotations

Branches:
Dungeon (15/15)            Temple (0/1) D:5            Lair (6/6) D:9
  Swamp (0/4) Lair:2       Spider (0/4) Lair:2        Slime (0/5) Lair:6
    Orc (2/2) D:12            Elf (0/3) Orc:2        Vaults (0/5) D:13
 Depths (0/4) D:15         Bailey (visited)           IceCv (visited)

Altars:
Elyvilon
Fedhas
Kikubaaqudgha
Qazlal
Vehumet
Yredelemnul
Beogh

Shops:
D:9 *   D:13 :   Orc:2 *=!:[

Annotations:
Lair:1 2 transporters


Innate Abilities, Weirdness & Mutations

You are very small and have problems with some larger weapons.
You are too small for most types of armour.
You have supernaturally acute eyesight. (SInv)
You cover ground extremely quickly. (Speed+++)


Message History

You magically shoot a bolt.
The bolt hits the skeletal warrior!!
Lightning courses through the skeletal warrior!
Shoot: b) +1 arbalest (elec)
Aim: a skeletal warrior, wielding a +2 hand axe of electrocution (almost destroyed, 81% to hit)
You magically shoot a bolt.
The bolt hits the skeletal warrior but does no damage.
Lightning courses through the skeletal warrior!
You destroy the skeletal warrior!
Qazlal accepts your kill.
Your protection from physical attacks is fading.
You feel less protected from physical attacks.
You are no longer teleporting projectiles to their destination.
Magic restored.
HP restored.
Done exploring.
You see here a +2 hand axe of electrocution.
You see here a +0 robe.
There is a stone staircase leading down here.
You climb downwards.
You block the skeletal warrior's attack.
The skeletal warrior hits you but does no damage.
The ettin zombie is engulfed in freezing vapours.
The ettin zombie hits you! x2; The titan zombie hits you!!
You feel protected from physical attacks.
The skeletal warrior completely misses you.
The skeletal warrior barely misses you.
There is a stone staircase leading up, spattered with blood here.
The tengu reaver skeleton hits you but does no damage.
You block the tengu reaver skeleton's attack.
The tengu reaver skeleton closely misses you.
The titan zombie hits you!!
* * * LOW HITPOINT WARNING * * *
You feel more protected from physical attacks.
The skeletal warrior barely misses you.
The skeletal warrior hits you but does no damage.
You block the ettin zombie's attack. The ettin zombie hits you!!
* * * LOW HITPOINT WARNING * * *
You feel more protected from physical attacks.
The skeletal warrior hits you with a +0 trident!
You die...

...............
.............z.
...............
........$......
......$........
.....○.........
.......zZzy....
z.
......○@Zzy....
...
....ZPZ§.°.....
...####
......○§......y
.......
>.........#####
#......
.P[z8.....#
#......
.......##.#
#...... .......
.# #......
P...P.P .#
#.....y #..y...


You could see 5 skeletal warriors, 3 meliai, an ettin zombie, a titan zombie, a
titan skeleton and a tengu reaver skeleton.

Vanquished Creatures
  Kirke (D:12)
  The ghost of Ekhlusag the Force of Nature, a journeyman MfGl of Fedhas (D:14)
  Nessos (Lair:5)
  Snorg (D:11)
  A fire dragon (Lair:6)
  Josephine (Lair:4)
  13 hydras
  4 ogre magi (Orc:2)
  A boulder beetle (D:14)
  14 two-headed ogres
  2 dancing weapons (D:13)
  A tengu warrior (D:12)
  A vampire mage (D:14)
  Nergalle (Orc:2)
  2 skeletal warriors (D:14)
  Lodul (D:12)
  2 bog bodies (Lair:2)
  A wizard (D:14)
  2 orc knights
  A swamp dragon (Lair:6)
  6 orc sorcerers (Orc:2)
  A deep elf pyromancer (D:14)
  A necromancer (IceCv)
  11 ugly things
  2 manticores
  An oklob plant (D:12)
  2 cyclopes
  16 elephants
  2 centaur zombies (D:14)
  An ice statue (IceCv)
  5 black mambas
  3 gargoyles
  2 unseen horrors (D:11)
  12 komodo dragons
  4 cane toads
  7 rime drakes
  2 entropy weaver simulacra (IceCv)
  10 ice devils (IceCv)
  4 freezing wraiths
  4 anaconda simulacra (IceCv)
  2 hornets
  A meliai (D:13)
  12 polar bears
  5 trolls
  A tarantella (shapeshifter) (D:12)
  11 slime creatures
  8 blink frogs
  A dire elephant simulacrum (IceCv)
  2 shadows
  4 culicivoras
  A vampire (D:14)
  5 wraiths
  41 yaks
  15 wyverns
  5 hogs (D:13)
  13 basilisks
  5 death yak simulacra (IceCv)
  9 wargs
  4 steam dragons
  4 vampire mosquitoes (D:14)
  2 harpy simulacra (IceCv)
  17 hell hounds (Lair:6)
  4 acid dragons
  24 water moccasins
  2 sky beasts
  14 orc warriors
  A swamp drake (Lair:6)
  14 black bears
  6 ogres
  25 wolves
  6 centaurs
  A phantom (D:6)
  3 kobold brigands
  4 necrophages
  11 bullfrogs
  A gnoll sergeant (D:8)
  4 cane toad simulacra (IceCv)
  4 scorpions
  5 wights (D:7)
  A hornet simulacrum (D:14)
  5 elephant simulacra (IceCv)
  4 killer bees (D:8)
  An oklob sapling (D:12)
  An electric eel (Lair:4)
  3 howler monkeys
  5 hounds
  11 jellies
  Crazy Yiuf (D:6)
  2 gnoll shamans
  12 orc priests
  9 iguanas
  34 orc wizards
  7 hell rats
  3 polar bear simulacra (IceCv)
  3 wolf simulacra (IceCv)
  2 spriggan simulacra (IceCv)
  18 gnolls
  12 adders
  2 naga simulacra (IceCv)
  16 white imps
  A worm (D:3)
  58 orcs
  19 endoplasms
  5 giant cockroaches
  15 goblins
  9 hobgoblins
  5 jackals
  2 quokkas
  13 ball pythons
  5 bats
  23 kobolds
  2 rats
754 creatures vanquished.

Vanquished Creatures (collateral kills)
  A centaur warrior (D:12)
  A two-headed ogre (D:11)
  A centaur (Lair:1)
  A gnoll (D:6)
4 creatures vanquished.

Vanquished Creatures (others)
  2 dancing weapons
  A hell rat (Lair:4)
  A kobold (Bailey)
  37 fungi
  84 plants
  2 withered plants (D:15)
127 creatures vanquished.

Grand Total: 885 creatures vanquished

Notes
Turn   | Place    | Note
-------+----------+-------------------------------------------
     0 | D:1      | Colgate the Spriggan Enchanter began the quest for the Orb.
     0 | D:1      | Reached XP level 1. HP: 9/9 MP: 5/5
    39 | D:1      | Found a faded altar of an unknown god.
   185 | D:1      | Reached skill level 5 in Stealth
   507 | D:2      | Reached XP level 2. HP: 13/13 MP: 6/6
   510 | D:2      | Learned a level 2 spell: Ensorcelled Hibernation
  1056 | D:1      | Prayed at the altar of an unknown god.
  1056 | D:1      | Became a worshipper of Qazlal Stormbringer
  1056 | D:1      | Reached * piety under Qazlal
  1315 | D:1      | Reached skill level 1 in Ice Magic
  1315 | D:1      | Reached XP level 3. HP: 12/16 MP: 2/8
  1321 | D:1      | Learned a level 3 spell: Tukima's Dance
  2948 | D:2      | Reached XP level 4. HP: 17/21 MP: 6/9
  3080 | D:3      | Learned a level 3 spell: Confusing Touch
  3807 | D:4      | Noticed a scorpion
  3917 | D:3      | Killed a scorpion
  3918 | D:3      | Reached skill level 5 in Hexes
  3918 | D:3      | Reached XP level 5. HP: 6/24 MP: 1/10
  4038 | D:4      | Reached ** piety under Qazlal
  4378 | D:4      | Reached XP level 6. HP: 24/28 MP: 8/12
  5175 | D:5      | Entered Level 5 of the Dungeon
  5320 | D:5      | Reached XP level 7. HP: 32/32 MP: 14/14
  5324 | D:5      | Found a staircase to the Ecumenical Temple.
  5337 | D:5      | Noticed a yak
  5338 | D:5      | Noticed a yak
  5351 | D:5      | Noticed a yak
  5360 | D:5      | Noticed a yak
  5383 | D:5      | Noticed a yak
  5388 | D:5      | Noticed a yak
  5551 | D:5      | Killed a yak
  6930 | D:4      | Reached skill level 10 in Hexes
  7035 | D:4      | Learned a level 3 spell: Dazzling Flash
  7121 | D:4      | Killed a yak
  7122 | D:4      | Reached XP level 8. HP: 36/36 MP: 13/15
  7236 | D:5      | Reached skill level 5 in Spellcasting
  7404 | D:6      | Reached skill level 1 in Crossbows
  7485 | D:6      | Reached skill level 2 in Crossbows
  7631 | D:6      | Reached skill level 1 in Fighting
  7980 | D:6      | Learned a level 2 spell: Blink
  8214 | D:6      | Found a runed translucent door.
  8215 | D:6      | Noticed Crazy Yiuf
  8242 | D:6      | Killed Crazy Yiuf
  8243 | D:6      | Reached skill level 3 in Crossbows
  8426 | D:6      | Reached *** piety under Qazlal
  8427 | D:6      | Reached skill level 4 in Crossbows
  8427 | D:6      | Reached XP level 9. HP: 41/41 MP: 17/19
  8994 | D:6      | Reached skill level 5 in Crossbows
  9433 | D:6      | Reached skill level 6 in Crossbows
  9665 | D:7      | Reached skill level 7 in Crossbows
  9993 | D:6      | Reached skill level 8 in Crossbows
 10374 | D:7      | Found a white marble altar of Elyvilon.
 10904 | D:7      | Reached skill level 9 in Crossbows
 10982 | D:8      | Reached **** piety under Qazlal
 11160 | D:8      | Identified the +3 flail of Onom {pain, rN+ Will- Str+3
                  | Dex+9}
 11288 | D:8      | Reached XP level 10. HP: 45/45 MP: 20/20
 11666 | D:8      | Reached skill level 10 in Crossbows
 11861 | D:8      | Noticed a two-headed ogre
 11894 | D:8      | Killed a two-headed ogre
 12189 | D:9      | HP: 2/49 [acid dragon/splash of acid (21)]
 12374 | D:9      | Found a staircase to the Lair.
 12384 | Lair:1   | Entered Level 1 of the Lair of Beasts
 12510 | Lair:1   | You fall into a shaft and drop 1 floor!
 12512 | Lair:2   | Reached skill level 11 in Crossbows
 12590 | Lair:2   | Noticed a black mamba
 12678 | Lair:2   | Killed a black mamba
 12943 | Lair:2   | Noticed a four-headed hydra
 12946 | Lair:2   | Reached skill level 12 in Crossbows
 13013 | Lair:2   | Killed a four-headed hydra
 13013 | Lair:2   | Reached ***** piety under Qazlal
 13014 | Lair:2   | Reached skill level 5 in Dodging
 13014 | Lair:2   | Reached XP level 11. HP: 52/52 MP: 21/21
 13051 | Lair:2   | Learned a level 3 spell: Portal Projectile
 13255 | Lair:1   | Found a transporter.
 13258 | Lair:1   | Found a transporter.
 13258 | Lair:1   | Noticed a boulder beetle
 13258 | Lair:1   | Noticed a boulder beetle
 13389 | Lair:1   | Reached skill level 5 in Invocations
 13469 | Lair:1   | Noticed a four-headed hydra
 13535 | Lair:1   | Killed a four-headed hydra
 13752 | Lair:1   | Found a blossoming altar of Fedhas.
 14218 | D:9      | Found Ekuptyn's Assorted Antiques.
 14227 | D:9      | Bought a scroll of identify for 36 gold pieces
 14227 | D:9      | Bought a potion of curing for 54 gold pieces
 14227 | D:9      | Bought a potion of heal wounds for 90 gold pieces
 14227 | D:9      | Bought a potion of curing for 54 gold pieces
 14227 | D:9      | Bought a potion of curing for 54 gold pieces
 14227 | D:9      | Bought a sedimented emerald potion for 16 gold pieces
 14461 | D:9      | Noticed a two-headed ogre
 14488 | D:9      | Killed a two-headed ogre
 15193 | D:10     | Entered Level 10 of the Dungeon
 15321 | D:10     | Found a flagged portal.
 15330 | Bailey   | Entered a bailey
 15377 | Bailey   | Noticed an orc knight
 15388 | Bailey   | HP: 1/52 [orc knight/+0 broad axe (23)]
 16304 | Lair:2   | Found a hole to the Spider Nest.
 16366 | Lair:2   | Noticed a bog body
 16423 | Lair:2   | Killed a bog body
 16424 | Lair:2   | Reached skill level 13 in Crossbows
 16489 | Lair:2   | Noticed a bog body
 16505 | Lair:2   | Killed a bog body
 16517 | Lair:2   | Found a staircase to the Swamp.
 16590 | Lair:2   | Reached XP level 12. HP: 56/56 MP: 22/22
 17138 | Lair:3   | Noticed a four-headed hydra
 17157 | Lair:3   | Killed a four-headed hydra
 17158 | Lair:3   | Reached skill level 14 in Crossbows
 17248 | Lair:3   | Noticed a four-headed hydra
 17266 | Lair:3   | Killed a four-headed hydra
 17873 | Lair:4   | Reached skill level 15 in Crossbows
 18218 | Lair:4   | Noticed Josephine
 18231 | Lair:4   | Killed Josephine
 18232 | Lair:4   | Reached skill level 16 in Crossbows
 19734 | Lair:4   | Reached XP level 13. HP: 61/61 MP: 23/23
 20270 | Lair:4   | Reached skill level 5 in Fighting
 22506 | Lair:6   | Entered Level 6 of the Lair of Beasts
 24689 | Lair:6   | Noticed Nessos
 24937 | Lair:5   | Killed Nessos
 25268 | Lair:6   | Found a staircase to the Slime Pits.
 26788 | Lair:6   | Reached skill level 10 in Fighting
 26827 | Lair:6   | Reached ****** piety under Qazlal
 26828 | Lair:6   | Reached XP level 14. HP: 77/77 MP: 24/24
 27948 | Lair:6   | Reached skill level 5 in Evocations
 28926 | D:9      | Found a staircase to the Lair.
 28940 | D:9      | Found Ekuptyn's Assorted Antiques.
 30592 | D:11     | Noticed Snorg
 30646 | D:11     | Killed Snorg
 31273 | D:12     | Found the +4 robe of Augmentation {Str+4 Int+4 Dex+4}
 31475 | D:12     | Noticed Lodul
 31482 | D:12     | Killed Lodul
 32407 | D:12     | Found a staircase to the Orcish Mines.
 32972 | Orc:1    | Entered Level 1 of the Orcish Mines
 33085 | Orc:2    | Entered Level 2 of the Orcish Mines
 33448 | Orc:2    | Found Pottush's Assorted Antiques.
 33465 | Orc:2    | Bought 2 potions of curing for 174 gold pieces
 33465 | Orc:2    | Bought a ruby ring for 145 gold pieces
 33465 | Orc:2    | Bought a grey potion for 26 gold pieces
 33465 | Orc:2    | Bought a scroll labelled ICATOOWILA for 29 gold pieces
 36464 | Orc:2    | Noticed Nergalle
 36473 | Orc:2    | Killed Nergalle
 36610 | Orc:2    | Found Zudus's Antique Armour Boutique.
 36862 | Orc:2    | Reached XP level 15. HP: 86/86 MP: 16/25
 37060 | Orc:2    | Found an ancient bone altar of Kikubaaqudgha.
 37410 | Orc:2    | Found Ejataqek's Distillery.
 37416 | Orc:2    | Reached skill level 10 in Invocations
 37434 | Orc:2    | Found a radiant altar of Vehumet.
 37674 | Orc:2    | Found Tiuteppy's Jewellery Boutique.
 37775 | Orc:2    | Found Noik's Book Shop.
 37946 | Orc:2    | Found a staircase to the Elven Halls.
 38868 | Orc:2    | Bought an amulet of faith for 440 gold pieces
 38911 | Orc:2    | Bought a ring of willpower for 275 gold pieces
 38911 | Orc:2    | Bought a +4 ring of protection for 396 gold pieces
 38916 | Orc:2    | Learned a level 2 spell: Wereblood
 39072 | D:13     | Noticed Kirke
 39087 | D:13     | Noticed a sphinx
 39473 | D:12     | Killed Kirke
 39504 | D:13     | Found a frozen archway.
 39546 | IceCv    | Entered an ice cave
 40772 | IceCv    | Found an ancient bone altar of Kikubaaqudgha.
 42027 | D:13     | Found a gate to the Vaults.
 42048 | D:13     | Identified the +4 short sword of the Ageless Ultimatums
                  | {freeze, Int+4}
 42056 | D:13     | Found Azezaregou's Book Emporium.
 42139 | D:13     | Acquired 860 gold pieces
 42150 | D:13     | Bought a book of the Moon for 600 gold pieces
 42155 | D:13     | Learned a level 4 spell: Passage of Golubria
 42162 | D:13     | Learned a level 5 spell: Silence
 42162 | D:13     | Bought a book of the Senses for 480 gold pieces
 43284 | D:14     | Found a runed translucent gate.
 43284 | D:14     | Noticed Ekhlusag's ghost (journeyman MfGl)
 43521 | D:14     | Found a runed translucent gate.
 43521 | D:14     | Found a runed translucent gate.
 43610 | D:14     | Found a basalt altar of Yredelemnul.
 43728 | D:14     | Killed Ekhlusag's ghost
 43878 | D:15     | Entered Level 15 of the Dungeon
 44061 | D:15     | Found a staircase to the Depths.
 44652 | D:15     | HP: 4/88 [ettin zombie (21)]
 44652 | D:15     | Mangled by a skeletal warrior

Illustrated notes

Levels and vault maps discovered:
D:1:      elethiomel_arrival_shortcut, layout_basic,
          nicolae_ecumenical_lake_church
D:2:      layout_basic
D:3:      layout_basic
D:4:      layout_basic
D:5:      layout_basic, minmay_temple_entry_arrows
D:6:      layout_basic, st_stairs_14, grunt_ministairs_8, nicolae_water_bricks,
          uniq_crazy_yiuf_cottage
D:7:      layout_loops_ring, lemuel_round_altar
D:8:      layout_loops_corners
D:9:      layout_stronghold, erik_lair_orcish_takeover, serial_shops, shop
D:10:     layout_cave_pools, enter_bailey_5, minmay_crystal_water,
          amethyst_killhole
D:11:     layout_gridville, serial_park_tiny_pond, uniq_snorg
D:12:     layout_basic, david_orc_3, introduction_to_nature_1, uniq_lodul
D:13:     layout_stronghold, erik_vaults_1, portal_ice_cave_entry_imps,
          serial_shops, nicolae_shop_stone, minmay_circle_x, uniq_kirke
D:14:     layout_gridville, minmay_strange_pillars, minivault_20,
          nicolae_yredelemnul_ghost_church
D:15:     gammafunk_depths_entry_grave, layout_small_grid
Lair:1:   gammafunk_boulding_lane, layout_chaotic_city, lemuel_centaur_altar
Lair:2:   layout_concentric_octagons, skrybe_swamp_entry_bodies,
          hellmonk_spider_entry_life_and_decay, chequers_serial_rivers_micro_d,
          serial_bayou_lagoon_a
Lair:3:   layout_chaotic_city, st_stairs_7
Lair:4:   lemuel_slime, layout_gridlike, special_room
          [special_room_mythical_zoo], lookout_lair_type,
          infiniplex_staircase_pool, grunt_megastairs_3, uniq_josephine
Lair:5:   layout_hall_layers, grunt_megastairs_2
Lair:6:   hangedman_lair_caniforms_friends, layout_small_grid,
          guppyfry_lair_end_dragon, nicolae_slime_entry_slimehenge,
          serial_bayou_shore_b, uniq_nessos
Orc:1:    nicolae_orc_accident_3, layout_caves, mines2_david, uniq_erica
Orc:2:    kennysheep_orc_mage_school, layout_caves, serial_shops, shop

Skill      XL: |  1  2  3  4  5  6  7  8  9 10 11 12 13 14 15 |
---------------+----------------------------------------------+-----
Stealth        | 5 6 |  6.0
Ice Magic      | 1 2 |  2.0
Hexes          | 5 6 7 10 | 10.1
Spellcasting   | 3 4 6 |  6.2
Invocations    | 2 7 8 9 11 | 11.0
Crossbows      | 4 9 12 13 16 | 16.0
Fighting       | 1 3 4 10 13 14 | 14.7
Translocations | 2 3 4 |  4.7
Evocations     | 2 3 4 5 7 |  7.0
Dodging        | 5 7 |  7.0
Short Blades   | |  1.1

Action                   |  1- 3 |  4- 6 |  7- 9 | 10-12 | 13-15 || total
-------------------------+-------+-------+-------+-------+-------++-------
Melee: Dagger            |    83 |    16 |    49 |     5 |     3 ||   156
 Fire: Hunting sling     |       |   127 |    56 |       |       ||   183
       Arbalest          |       |       |   374 |   670 |  1565 ||  2609
 Cast: Ensorcelled Hiber |    46 |    29 |    14 |     4 |       ||    93
       Tukima's Dance    |       |       |     4 |     6 |     4 ||    14
       Dazzling Flash    |       |       |     2 |     6 |       ||     8
       Blink             |       |       |     1 |    10 |    17 ||    28
       Portal Projectile |       |       |       |     7 |    28 ||    35
       Wereblood         |       |       |       |       |     7 ||     7
       Silence           |       |       |       |       |     2 ||     2
       Confusing Touch   |       |       |       |       |     1 ||     1
Invok: Disaster Area     |       |       |       |     2 |     4 ||     6
       Upheaval          |       |       |       |       |     2 ||     2
  Use: Scroll            |     1 |     7 |     9 |     8 |    14 ||    39
       Potion            |       |     1 |     2 |     2 |     1 ||     6
 Stab: Sleeping          |    29 |    14 |     7 |     3 |       ||    53
       Invisible         |       |       |     4 |     1 |       ||     5
Armor: Robe              |    14 |     3 |     4 |       |    40 ||    61
       Steam dragon scal |       |       |    12 |    13 |    41 ||    66
Dodge: Dodged            |   117 |    58 |   122 |   217 |   452 ||   966
       Repelled          |       |       |       |     5 |    22 ||    27
Block: Other             |     1 |     6 |    20 |    51 |   181 ||   259

Table legend: (Time is in decaauts)
 A = Elapsed time spent in this place.
 B = Non-inter-level travel time spent in this place.
 C = Inter-level travel time spent in this place.
 D = Time resting spent in this place.
 E = Time spent auto-exploring this place.
 F = Levels seen in this place.
 G = Mean time per level.
                   A        B        C        D        E       F      G
               +--------+--------+--------+--------+--------+-----+--------+
         Total |  33646 |  31544 |   2102 |   7761 |  14791 |  25 | 1345.8 |
       Dungeon |  16578 |  15444 |   1134 |   1500 |   8594 |  15 | 1105.2 |
          Lair |  10338 |   9580 |    758 |   1984 |   4854 |   6 | 1723.0 |
  Orcish Mines |   5375 |   5165 |    210 |   4235 |    543 |   2 | 2687.5 |
        Bailey |     67 |     67 |      0 |     37 |      1 |   1 |   67.0 |
      Ice Cave |   1286 |   1286 |      0 |      4 |    798 |   1 | 1286.0 |
               +--------+--------+--------+--------+--------+-----+--------+

Top non-repeatable levels by time:
   Orc:2: 5035 daAuts
  Lair:6: 2774 daAuts
  Lair:5: 2316 daAuts
     D:9: 1820 daAuts
     D:6: 1776 daAuts
  Lair:3: 1737 daAuts
    D:14: 1444 daAuts
     D:2: 1396 daAuts
    D:12: 1345 daAuts
    D:13: 1333 daAuts
     D:4: 1329 daAuts
  Lair:4: 1314 daAuts
   IceCv: 1286 daAuts
  Lair:2: 1225 daAuts
    D:11: 1160 daAuts
